AoeStats
← zonetone5566

MegaRandom

504773950Analyzed
4v4 RM · 25d ago on Sep 6, 2026· 52m 27s· 8 players
Game mode
Random Map
Map size
Large (8 player)
Population
200
Speed
Normal
Resources
Standard
Victory
Conquest
Starting age
Dark Age
Ending age
Imperial Age
RankedLock teamsTeams togetherTeam positionsShared explorationLock speedFull tech treeHidden civsTurbo modeCheats
Victory
Defeat
🇫🇷 Berbers · France
1171
+15
🇮🇶 Japanese · Iraq
1144
+16
🇻🇳 Goths · Vietnam
1137
+16
🇨🇳 Franks · China
1131
+16
🇹🇼 Persians · Taiwan
1254
-20
🇹🇼 Magyars · Taiwan
1200
-18
🇹🇼 Vietnamese · Taiwan
1123
-15
🇹🇼 Italians · Taiwan
990
-10
xl5789361
3:09 Loom
9:43 Feudal Age
10:13 Double-Bit Axe
10:10 Horse Collar
16:34 Scale Barding Armor
19:46 Bloodlines
20:49 Gold Mining
25:14 Castle Age
25:20 Light Cavalry
26:33 Chain Barding Armor
31:24 Town Watch
33:17 Wheelbarrow
38:55 Imperial Age
36:25 Fletching
36:36 Padded Archer Armor
37:34 Hand Cart
37:50 Bow Saw
37:42 Heavy Plow
37:41 Bodkin Arrow
38:03 Leather Archer Armor
38:44 Thumb Ring
39:08 Heavy Cavalry Archer
41:05 Bracer
41:35 Ring Archer Armor
42:24 Parthian Tactics
44:40 Chemistry
45:54 Recurve Bow
zonetone5566
8:06 Loom
10:25 Feudal Age
11:33 Double-Bit Axe
17:20 Castle Age
17:49 Gold Mining
18:12 Bow Saw
19:06 Horse Collar
21:22 Crossbowman
29:55 Scale Mail Armor
31:29 Stone Mining
31:41 Man-at-Arms
37:27 Wheelbarrow
36:38 Town Watch
48:10 Imperial Age
46:39 Heavy Plow
47:07 Ballistics
48:57 Hand Cart
50:01 Chemistry
49:52 Pirotechnia
50:04 Conscription
49:58 Fletching
50:08 Padded Archer Armor
CKD_許昌小曹
6:42 Loom
9:59 Feudal Age
9:56 Man-at-Arms
11:40 Scale Mail Armor
15:16 Forging
16:58 Horse Collar
18:41 Double-Bit Axe
23:08 Castle Age
22:04 Scale Barding Armor
22:19 Bloodlines
24:04 Chain Barding Armor
31:24 Wheelbarrow
31:34 Chain Mail Armor
30:56 Long Swordsman
31:59 Gambesons
33:13 Squires
36:26 Iron Casting
39:01 Pikeman
40:18 Hand Cart
CK.Leighton
7:41 Loom
9:51 Feudal Age
10:44 Double-Bit Axe
16:55 Wheelbarrow
17:43 Gold Mining
20:23 Castle Age
21:28 Bow Saw
28:37 Imperial Age
28:03 Hand Cart
30:24 Chemistry
31:03 Two-Man Saw
31:40 Bloodlines
31:31 Husbandry
31:43 Scale Barding Armor
31:48 Forging
33:09 Elite Battle Elephant
34:30 Chain Barding Armor
36:25 Plate Barding Armor
36:26 Iron Casting
35:42 Fletching
36:14 Crossbowman
37:02 Thumb Ring
37:24 Padded Archer Armor
40:31 Chatras
41:42 Town Watch
41:39 Horse Collar
41:52 Arbalester
44:38 Bodkin Arrow
44:58 Leather Archer Armor
45:34 Bracer
Blawckdown
11:56 Feudal Age
19:16 Loom
21:02 Gold Mining
25:48 Castle Age
24:12 Fletching
24:23 Padded Archer Armor
phuochoang1510
1:37 Loom
11:32 Feudal Age
12:05 Double-Bit Axe
18:01 Castle Age
16:59 Stone Mining
17:03 Gold Mining
17:07 Horse Collar
23:40 Scale Mail Armor
24:37 Squires
26:02 Pikeman
27:07 Town Watch
29:30 Wheelbarrow
29:32 Chain Mail Armor
31:52 Forging
33:18 Iron Casting
33:17 Anarchy
39:05 Imperial Age
39:10 Halberdier
40:15 Conscription
41:17 Chemistry
41:18 Blast Furnace
41:11 Elite Huskarl
45:41 Perfusion
见面问声好
10:02 Feudal Age
14:14 Castle Age
16:13 Loom
23:50 Double-Bit Axe
25:14 Wheelbarrow
25:05 Pikeman
25:45 Squires
27:06 Bow Saw
29:28 Hand Cart
30:41 Scale Mail Armor
30:51 Forging
35:40 Imperial Age
34:05 Iron Casting
33:35 Scale Barding Armor
33:24 Gold Mining
33:24 Stone Mining
34:57 Gold Shaft Mining
36:22 Chivalry
36:42 Conscription
36:28 Husbandry
35:49 Cavalier
37:46 Blast Furnace
37:06 Chain Barding Armor
37:08 Paladin
41:11 Ballistics
41:52 Chemistry
43:33 Chain Mail Armor
43:54 Plate Barding Armor
42:44 Halberdier
47:23 Plate Mail Armor
47:39 Town Watch
aryaszahir958
6:37 Loom
11:05 Feudal Age
11:32 Horse Collar
11:39 Double-Bit Axe
12:00 Man-at-Arms
27:09 Castle Age
27:22 Pikeman
43:33 Scale Mail Armor
43:43 Forging
49:45 Imperial Age
48:05 Gold Mining
48:05 Stone Mining
48:41 Bow Saw
Connection lost

Rejoining the realm…

Still unreachable

The connection could not be restored.

Session expired

The server has moved on; the page needs a fresh start.